 Dungeon Crawl Stone Soup version 0.22.1-1-ga44c0e5 (webtiles) character file.

50 RoseComp the Charmwright (level 3, 0/29 HPs)
             Began as a Demigod Skald on Oct 26, 2018.
             Succumbed to an adder's poison
             ... on level 2 of the Dungeon.
             The game lasted 00:05:20 (1841 turns).

RoseComp the Charmwright (Demigod Skald)            Turns: 1841, Time: 00:05:21

Health: 0/29       AC:  3    Str: 14    XL:     3   Next: 35%
Magic:  6/8        EV: 17    Int: 19    God:
Gold:   83         SH:  0    Dex: 20    Spells: 2/5 levels left

rFire    . . .     SeeInvis .   a - +0 mace
rCold    . . .     Gourm    .   (no shield)
rNeg     . . .     Faith    .   b - +0 leather armour
rPois    .         Spirit   .   (no helmet)
rElec    .         Reflect  .   (no cloak)
rCorr    .         Harm     .   (no gloves)
MR       .....                  (no boots)
Stlth    +++.......             (no amulet)
HPRegen  0.09/turn              (no ring)
MPRegen  0.11/turn              (no ring)

@: agile, lethally poisoned (0 -> -11), shrouded
A: high mp 1
a: no special abilities


You were on level 2 of the Dungeon.
You were not hungry.

You visited 1 branch of the dungeon, and saw 2 of its levels.

You collected 83 gold pieces.

Inventory:

Hand Weapons
 a - a +0 mace (weapon)
Missiles
 c - 63 stones (quivered)
Armour
 b - a +0 leather armour (worn)
Jewellery
 e - an uncursed ring of wizardry {unknown}
Comestibles
 d - a ration
 f - a chunk of flesh


   Skills:
 + Level 2.2 Fighting
 * Level 2.4 Maces & Flails
 + Level 1.5 Armour
 + Level 2.1 Dodging
 - Level 1.7 Spellcasting
 + Level 3.0 Charms


You had 2 spell levels left.
You knew the following spells:

 Your Spells              Type           Power        Failure   Level  Hunger
a - Infusion              Chrm           ##..         6%          1    #......
b - Shroud of Golubria    Chrm/Tloc      #.........   17%         2    ###....

Your spell library contained the following spells:

 Spells                   Type           Power        Failure   Level  Hunger
 Song of Slaying          Chrm           ##......     10%         2    ###....
 Regeneration             Chrm/Necr      #.........   34%         3    ###....
 Spectral Weapon          Hex/Chrm       #.......     34%         3    ###....


Dungeon Overview and Level Annotations

Branches:
Dungeon (2/15)


Innate Abilities, Weirdness & Mutations

You have an increased reservoir of magic. (+10% MP)


Message History

You are lethally poisoned!
The adder poisons you!
You regained 5 hp, and now have 6/29 hp.
You feel agile all of a sudden.
* * * LOW HITPOINT WARNING * * *
You feel sick. The adder bites you.
* * * LOW HITPOINT WARNING * * *
You are more poisoned.
The adder poisons you! The adder closely misses you.
You take 2 damage, and have 4/29 hp.
You aren't carrying any scrolls.
You miss the adder.
* * * LOW HITPOINT WARNING * * *
You feel sick. The adder bites you.
* * * LOW HITPOINT WARNING * * *
You are more poisoned.
The adder poisons you!
You take 3 damage, and have 1/29 hp.
Space distorts slightly along a thin shroud covering your body.
You die...

### .. #. #.### #...#
##+## ###S# #...##
#@# .....## ### #.#
......## ##.###.#
.......####...##.#
.......'.......#.####
..)....####.........#
......## ##.###.##.#
.....## #.###.##.#
#...## #.##..##.#


You could see an adder.

Vanquished Creatures
  An adder (D:2)
  3 dart slugs (D:1)
  A leopard gecko (D:1)
  A ball python (D:2)
  3 bats (D:1)
  2 giant cockroaches (D:1)
  A hobgoblin (D:1)
  9 kobolds
  A quokka (D:2)
  3 frilled lizards
  4 goblins
  4 rats
33 creatures vanquished.

Notes
Turn   | Place    | Note
-------+----------+-------------------------------------------
     0 | D:1      | RoseComp the Demigod Skald began the quest for the Orb.
     0 | D:1      | Reached XP level 1. HP: 17/17 MP: 5/5
    38 | D:1      | Reached skill level 1 in Armour
   446 | D:1      | Reached XP level 2. HP: 23/24 MP: 7/7
   558 | D:1      | Learned a level 2 spell: Shroud of Golubria
  1390 | D:2      | Reached XP level 3. HP: 28/29 MP: 8/8
  1402 | D:2      | Found a glowing golden altar of the Shining One.
  1421 | D:2      | Found a shattered altar of Ashenzari.
  1425 | D:2      | Found a deep blue altar of Sif Muna.
  1759 | D:2      | Reached skill level 3 in Charms
  1837 | D:2      | HP: 1/29 [poisoned by an adder]
  1841 | D:2      | Succumbed to an adder's poison

Skill      XL: |  1  2  3 |
---------------+----------+-----
Armour         | 1 |  1.5
Maces & Flails | 2 |  2.4
Fighting       | 2 |  2.2
Dodging        | 2 |  2.1
Charms         | 3 |  3.0
Spellcasting   | |  1.7

Action                   || total
-------------------------++-------
Melee: Mace              ||   105
 Cast: Infusion          ||     6
       Shroud of Golubri ||     4
  Use: Potion            ||     2
       Scroll            ||     1
  Eat: Chunk             ||     3
Armor: Leather armour    ||    26
Dodge: Dodged            ||    79
